 Dungeon Crawl Stone Soup version 0.29.1-15-g9cfb28693d (webtiles) character file.

Game seed: 6398859876825520952

62 nightchill the Vexing (level 3, 0/26 HPs)
             Began as a Vampire Enchanter on Mar 7, 2023.
             Slain by a gnoll
             ... wielding a +0 whip
              (6 damage)
             ... on level 2 of the Dungeon.
             The game lasted 00:02:12 (750 turns).

nightchill the Vexing (Vampire Enchanter)            Turns: 750, Time: 00:02:12

Health: 0/26       AC:  5    Str:  9    XL:     3   Next: 85%
Magic:  6/6        EV: 10    Int: 17    God:
Gold:   60         SH:  0    Dex: 14    Spells: 6/6 levels left

rFire   . . .      SeeInvis +   a - +1 dagger
rCold   . . .      Faith    .   (no shield)
rNeg    . . .      Spirit   .   g - +0 ring mail
rPois   .          Reflect  .   (no helmet)
rElec   .          Harm     .   (no cloak)
rCorr   .          Rampage  .   (no gloves)
Will    .....                   (no boots)
Stlth   ++........              (no amulet)
HPRegen 0.28/turn               (no ring)
MPRegen 0.10/turn               (no ring)

@: healing quickly
A: alive, fangs 3, see invisible, vampiric 2
a: Exsanguinate


You were on level 2 of the Dungeon.
You visited 1 branch of the dungeon, and saw 2 of its levels.

You collected 60 gold pieces.

Inventory:

Hand Weapons
 a - a +1 dagger (weapon)
Missiles
 d - 4 poisoned darts (quivered)
Armour
 b - a +0 robe
 e - a +0 leather armour
 g - a +0 ring mail (worn)
Jewellery
 k - a ring of protection from cold
Scrolls
 f - a scroll of acquirement {unknown}
 h - 2 scrolls of teleportation {unknown}
Potions
 c - 2 potions of invisibility
 i - a potion of flight {unknown}
 j - 2 potions of might {unknown}


   Skills:
 + Level 1.6 Fighting
 * Level 3.4 Short Blades
 - Level 2.1 Dodging
 - Level 4.4 Stealth
 - Level 2.0 Spellcasting
 - Level 4.4 Hexes


You had 6 spell levels left.
You didn't know any spells.
Your spell library contained the following spells:

 Spells                   Type           Power      Damage    Failure   Level
 Confusing Touch          Hex            16%        N/A       26%         3
 Tukima's Dance           Hex            16%        N/A       26%         3
 Ensorcelled Hibernation  Hex/Ice        18%        N/A       32%         2
 Dazzling Flash           Conj/Hex       18%        N/A       54%         3


Dungeon Overview and Level Annotations

Branches:
Dungeon (2/15)

Altars:


Innate Abilities, Weirdness & Mutations

Your natural rate of healing is accelerated.
You have razor-sharp teeth.
You have supernaturally acute eyesight. (SInv)
You are afflicted with vampirism and can become a bat while bloodless.


Message History

You barely miss the gnoll. You closely miss the gnoll.
The gnoll closely misses you.
You hit the gnoll.
The gnoll is lightly wounded.
The gnoll hits you with a +0 whip.
You hit the gnoll but do no damage.
The gnoll is lightly wounded.
The gnoll closely misses you.
You hit the gnoll. You bite the gnoll, but do no damage.
The gnoll is heavily wounded.
The gnoll misses you.
You hit the gnoll but do no damage.
The gnoll is heavily wounded.
You hit the gnoll. Your punch misses the gnoll.
The gnoll is severely wounded.
The gnoll hits you with a +0 whip.
* * * LOW HITPOINT WARNING * * *
You hit the gnoll but do no damage.
The gnoll is severely wounded.
The gnoll hits you with a +0 whip.
* * * LOW HITPOINT WARNING * * *
You completely miss the gnoll.
The gnoll is severely wounded.
The gnoll hits you with a +0 whip.
* * * LOW HITPOINT WARNING * * *
You hit the gnoll but do no damage. You bite the gnoll.
The gnoll is almost dead.
The gnoll hits you with a +0 whip.
* * * LOW HITPOINT WARNING * * *
You hit the gnoll but do no damage.
The gnoll is almost dead.
The gnoll closely misses you.
You barely miss the gnoll.
The gnoll is almost dead.
The gnoll barely misses you.
Unknown command.
You hit the gnoll.
You kill the gnoll!
The gnoll hits you with a +0 whip.
You die...

#.# #######....# .#
#.######## .........#.# .#
#.#......##########....####
#.....##.##.##.............
###.#.##.#.#.#.#.##<##.#...
#.#.....###..#.##.# .# .#
#.####.## ##......# .. .
#.# #..###.##.##.# #. #..
..#.#@###.##.# .. ###
####rgg# #..... #..g#
###### #...# #...# #...#
..... .$..... .........


You could see 3 gnolls and a rat.

Vanquished Creatures
  A hound (D:2)
  A gnoll (D:2)
  An endoplasm (D:1)
  A giant cockroach (D:1)
  A goblin (D:1)
  A hobgoblin (D:1)
  5 jackals (D:1)
  2 ball pythons (D:1)
  4 bats (D:1)
  2 frilled lizards (D:1)
  3 kobolds
22 creatures vanquished.

Notes
Turn   | Place    | Note
-------+----------+-------------------------------------------
     0 | D:1      | nightchill the Vampire Enchanter began the quest for the
                  | Orb.
     0 | D:1      | Reached XP level 1. HP: 13/13 MP: 3/3
   228 | D:1      | Reached XP level 2. HP: 17/20 MP: 5/5
   333 | D:1      | Reached skill level 1 in Fighting
   638 | D:2      | Found a faded altar of an unknown god.
   657 | D:2      | Gained mutation: You are afflicted with vampirism and can
                  | become a bat while bloodless. [Vampire growth]
   657 | D:2      | Reached XP level 3. HP: 26/26 MP: 6/6
   750 | D:2      | Slain by a gnoll

Illustrated notes

Levels and vault maps discovered:
D:1:      lightli_arrival_maybe_door_vault, layout_rooms, patterned_corridor
D:2:      layout_loops_cross, nicolae_ecumenical_oubliette

Skill      XL: |  1  2 |
---------------+-------+-----
Short Blades   | 2 3 |  3.4
Fighting       | 1 |  1.6
Dodging        | |  2.1
Stealth        | |  4.4
Spellcasting   | |  2.0
Hexes          | |  4.4

Action                   || total
-------------------------++-------
Melee: Dagger            ||    78
       Bite              ||     7
       Punch             ||     1
 Stab: Sleeping          ||     7
Armor: Ring mail         ||    24
       Leather armour    ||     1
Dodge: Dodged            ||    39
